 Dungeon Crawl Stone Soup version 0.26-a0-958-gf3041fb45f (webtiles) character file.

Game seed: 12555342877621205010

33 PentaManta the Sneak (level 3, -1/16 HPs)
             Began as a Spriggan Enchanter on Nov 30, 2020.
             Slain by a goblin
             ... wielding a +0 dagger of venom
              (2 damage)
             ... on level 2 of the Dungeon.
             The game lasted 00:04:31 (2605 turns).

PentaManta the Sneak (Spriggan Enchanter)           Turns: 2605, Time: 00:04:32

Health: -1/16      AC:  2    Str:  4    XL:     3   Next: 12%
Magic:  7/8        EV: 19    Int: 16    God:
Gold:   44         SH:  0    Dex: 17    Spells: 4/7 levels left

rFire    . . .     SeeInvis +   a - +1 dagger
rCold    . . .     Faith    .   (shield restricted)
rNeg     . . .     Spirit   .   b - +0 robe
rPois    .         Reflect  .   (helmet restricted)
rElec    .         Harm     .   (no cloak)
rCorr    .         Rampage  .   (gloves unavailable)
MR       .....                  (boots unavailable)
Stlth    +++.......             (no amulet)
HPRegen  0.05/turn              (no ring)
MPRegen  0.11/turn              (no ring)

@: lethally poisoned (-1 -> -13), hasted, very quick
A: very small, unfitting armour, see invisible, speed 3
a: no special abilities


You were on level 2 of the Dungeon.
You visited 1 branch of the dungeon, and saw 3 of its levels.

You collected 44 gold pieces.

Inventory:

Hand Weapons
 a - a +1 dagger (weapon)
Missiles
 g - 3 datura-tipped darts
 h - 30 poisoned darts
Armour
 b - a +0 robe (worn)
Scrolls
 c - 2 scrolls of identify {unknown}
 d - a scroll of fog {unknown}
Potions
 e - a potion of curing


   Skills:
 * Level 2.2 Short Blades
 + Level 3.5 Dodging
 * Level 5.4 Stealth
 - Level 2.6 Spellcasting
 - Level 3.6 Hexes


You had 4 spell levels left.
You knew the following spells:

 Your Spells              Type           Power        Failure   Level
a - Corona                Hex            ##.....      4%          1
b - Ensorcelled Hibernat  Hex/Ice        #.....       14%         2

Your spell library contained the following spells:

 Spells                   Type           Power        Failure   Level
 Confusing Touch          Hex            ##......     13%         3
 Tukima's Dance           Hex            ##......     13%         3
 Dazzling Flash           Conj/Hex       #.....       28%         3


Dungeon Overview and Level Annotations

Branches:
Dungeon (3/15)

Altars:

Annotations:
D:2 Natasha
D:3 Robin


Innate Abilities, Weirdness & Mutations

You are very small and have problems with some larger weapons.
You are too small for most types of armour.
You have supernaturally acute eyesight. (SInv)
You cover ground extremely quickly.


Message History

You feel sick.
You climb downwards. 10 goblins, a hobgoblin and Robin come into view.
The goblin shouts! x3; Robin shouts!
The hobgoblin shouts!
You hear a shout!
Robin throws the goblin at you!
* * * LOW HITPOINT WARNING * * *
The goblin shouts! x4; You hear a shout!
Found a scroll labelled XULU UROUT.
Found a stone staircase leading down.
There is a stone staircase leading up here.
* * * LOW HITPOINT WARNING * * *
You feel sick.
The goblin shouts! x2
Robin throws the goblin at you! The goblin misses you.
You hear a shout!
You climb upwards.
Level annotation: Natasha
* * * LOW HITPOINT WARNING * * *
You feel sick.
The goblin hits you with a +0 dagger of venom.
You die...

##################
##.....##.........#
##.......#.........#
#..................##
#...................##
#....................###
#............<.........#
#....>..gg.........#.#.##
#........@.........#.#..##
#.........####..####..#..(
#.........# ##.# ##.....
#.........# #..# #####.
#.........# ##.# #..
##.......## .. #....
##.....## ##........
####.## .####.## # ...


You could see 2 goblins.

Vanquished Creatures
  3 dart slugs
  2 leopard geckos (D:1)
  A ball python (D:1)
  A giant cockroach (D:2)
  3 hobgoblins
  4 jackals (D:1)
  A bat (D:2)
  2 frilled lizards (D:1)
  2 goblins (D:1)
  4 kobolds (D:1)
  2 rats (D:1)
25 creatures vanquished.

Notes
Turn   | Place    | Note
-------+----------+-------------------------------------------
     0 | D:1      | PentaManta the Spriggan Enchanter began the quest for the
                  | Orb.
     0 | D:1      | Reached XP level 1. HP: 9/9 MP: 5/5
   857 | D:1      | Reached XP level 2. HP: 7/13 MP: 6/6
  1031 | D:1      | Reached skill level 5 in Stealth
  2175 | D:2      | Reached XP level 3. HP: 10/16 MP: 8/8
  2311 | D:2      | Noticed Natasha
  2372 | D:1      | Learned a level 2 spell: Ensorcelled Hibernation
  2603 | D:3      | Noticed Robin
  2605 | D:2      | Slain by a goblin

Illustrated notes

Levels and vault maps discovered:
D:1:      minmay_arrival_arboretum_small, layout_loops_cross
D:2:      layout_rooms, old_standard_altar, general_overflow_altar, uniq_natasha
D:3:      layout_loops_ring, kennysheep_generic_room_3, uniq_robin,
          uniq_terence, uniq_ijyb

Skill      XL: |  1  2 |
---------------+-------+-----
Stealth        | 5 |  5.4
Short Blades   | 2 |  2.2
Dodging        | |  3.5
Spellcasting   | |  2.6
Hexes          | |  3.6

Action                   || total
-------------------------++-------
Melee: Dagger            ||   125
 Cast: Corona            ||     1
       Ensorcelled Hiber ||     2
  Use: Potion            ||     2
 Stab: Sleeping          ||     8
Armor: Robe              ||    10
Dodge: Dodged            ||   119

Table legend: (Time is in decaauts)
 A = Elapsed time spent in this place.
 B = Non-inter-level travel time spent in this place.
 C = Inter-level travel time spent in this place.
 D = Time resting spent in this place.
 E = Time spent auto-exploring this place.
 F = Levels seen in this place.
 G = Mean time per level.
                   A        B        C        D        E       F      G
               +--------+--------+--------+--------+--------+-----+--------+
         Total |   2298 |   2267 |     31 |   1351 |    537 |   3 |  766.0 |
       Dungeon |   2298 |   2267 |     31 |   1351 |    537 |   3 |  766.0 |
               +--------+--------+--------+--------+--------+-----+--------+

Top non-repeatable levels by time:
     D:1: 2066 daAuts
     D:2: 224 daAuts
     D:3: 6 daAuts
